 Dungeon Crawl Stone Soup version 0.30-a0-1164-ge08a67761e (webtiles) character file.

Game seed: 13311230679571627963

4245 Sabo the Blocker (level 10, -12/61 HPs)
             Began as a Gargoyle Fighter on Apr 28, 2023.
             Was a Believer of Makhleb.
             Mangled by a komodo dragon (33 damage)
             ... on level 7 of the Dungeon on Apr 29, 2023.
             The game lasted 00:47:48 (8476 turns).

Sabo the Blocker (Gargoyle Fighter)                 Turns: 8476, Time: 00:47:48

Health: -12/61     AC: 25    Str: 22    XL:     10   Next: 30%
Magic:  0/19       EV:  5    Int:  9    God:    Makhleb [**....]
Gold:   1420       SH: 15    Dex: 11    Spells: 9/9 levels left

rFire   + . .        x - +5 flail (freeze)
rCold   . . .        s - +0 tower shield
rNeg    + . .        h - +2 plate armour {rF+}
rPois   ∞            i - +0 helmet
rElec   +            k - +1 cloak
rCorr   .            (no gloves)
SInv    .            (no boots)
Will    .....        y - amulet of guardian spirit Stlth
                     b - ring of magical power
HPRegen 0.30/turn    (no ring)
MPRegen 0.16/turn

%: guardian spirit
@: studying Shields
A: sickness immunity, AC +7, negative energy resistance 1, electricity
resistance, torment resistance 1, petrification resistance
a: Renounce Religion, Minor Destruction


You were on level 7 of the Dungeon.
You worshipped Makhleb.
Makhleb was pleased with you.
You visited 2 branches of the dungeon, and saw 9 of its levels.

You collected 1506 gold pieces.
You spent 86 gold pieces at shops.

Inventory:

Hand Weapons
 a - a +0 shortbow
 f - a +0 sling
 q - a +3 war axe
 r - a +2 dire flail of protection
 x - a +5 flail of freezing (weapon)
Missiles
 o - a throwing net
 p - 11 poisoned darts (quivered)
 w - 2 silver javelins
Armour
 c - a +0 buckler
 h - a +2 plate armour of fire resistance (worn)
 i - a +0 helmet (worn)
 k - a +1 cloak (worn)
 s - a +0 tower shield (worn)
Jewellery
 b - a ring of magical power (left hand)
 u - an amulet of the acrobat
 y - an amulet of guardian spirit (around neck)
Wands
 d - a wand of charming (9)
 l - a wand of flame (32)
Scrolls
 m - a scroll of blinking
 n - a scroll of teleportation
 v - 4 scrolls of poison
 z - a scroll of fog {unknown}
Potions
 e - a potion of berserk rage {unknown}
 g - 2 potions of flight {unknown}
 j - a potion of curing {unknown}
 t - a potion of lignification {unknown}


   Skills:
 + Level 6.5 Fighting
 + Level 9.2 Maces & Flails
 + Level 0.1 Throwing
 + Level 6.4 Armour
 + Level 3.1 Dodging
 + Level 2.2 Stealth
 + Level 10.5 Shields


You had 9 spell levels left.
You didn't know any spells.
Your spell library contained the following spells:

 Spells                   Type           Power      Damage    Failure   Level
 Shock                    Conj/Air       0%         1d3       100%        1
 Ensorcelled Hibernation  Hex/Ice        0%         N/A       100%        2
 Ignite Poison            Fire/Tmut/Pois 0%         N/A       100%        3
 Ozocubu's Armour         Ice            0%         N/A       100%        3
 Spider Form              Tmut/Pois      0%         N/A       100%        3
 Summon Guardian Golem    Hex/Summ       0%         N/A       100%        3
 Swiftness                Air            0%         N/A       100%        3
 Airstrike                Air            0%         2d(0-16)  100%        4
 Anguish                  Hex/Necr       0%         N/A       100%        4
 Sticky Flame             Conj/Fire      0%         2d3       100%        4
 Orb of Destruction       Conj           0%         9d5       100%        7
 Ozocubu's Refrigeration  Ice            0%         4d7       100%        7
 Spellforged Servitor     Conj/Summ      0%         N/A       100%        7
 Ignition                 Fire           0%         3d3       100%        8


Dungeon Overview and Level Annotations

Branches:
Dungeon (8/15)             Temple (1/1) D:7
   Lair: D:8-11

Altars:
Ashenzari
Cheibriados
Dithmenos
Elyvilon
Fedhas
Gozag
Hepliaklqana
Kikubaaqudgha
Makhleb
Nemelex Xobeh
Okawaru
Qazlal
Ru
Sif Muna
Trog
Uskayaw
Vehumet
Wu Jian
Xom
Yredelemnul
Zin
The Shining One

Shops:
D:4 *   D:5 !

Annotations:
D:7 1 transporter, hwolsky's ghost, novice MiFi


Innate Abilities, Weirdness & Mutations

You are immune to sickness and miasma.
Your stone body is resilient. (AC +7)
You are immune to poison.
You resist negative energy. (rN+)
You are resistant to electric shocks. (rElec)
You are resistant to unholy torment.
You are immune to petrification.


Message History

The black bear claws you but does no damage.
The killer bee stings you.
The bullfrog is engulfed in poison gas.
The bullfrog looks as sick as possible!
You barely miss the black bear.
The black bear is moderately wounded.
The bullfrog is engulfed in poison gas.
The bullfrog looks as sick as possible!
The bullfrog is engulfed in poison gas.
The bullfrog looks as sick as possible!
The killer bee stings you.
The bullfrog looks as sick as possible!
You block the komodo dragon's attack.
The black bear is engulfed in poison gas.
The black bear looks even sicker.
You block the black bear's attack.
The black bear claws you but does no damage.
You block the black bear's attack. x2
The black bear claws you but does no damage. x2
The moth of wrath is poisoned.
The moth of wrath goads the killer bee on!
The killer bee goes berserk!
The killer bee barely misses you.
The bullfrog is engulfed in poison gas.
The bullfrog looks as sick as possible!
You bludgeon the black bear!! You freeze the black bear.
You kill the black bear!
Makhleb accepts your kill.
The bullfrog is engulfed in poison gas.
The bullfrog looks as sick as possible!
You block the killer bee's attack.
The bullfrog is engulfed in poison gas.
The bullfrog looks as sick as possible!
You block the bullfrog's attack. You block the komodo dragon's attack.
The moth of wrath is engulfed in poison gas.
The moth of wrath looks even sicker.
The moth of wrath goads the killer bee on!
The killer bee goes berserk!
The moth of wrath goads something on!
The killer bee rages.
The black bear bites you. The black bear barely misses you.
The black bear claws you but does no damage.
The killer bee stings you but does no damage.
You hear an angry buzzing noise.
The bullfrog is engulfed in poison gas.
The bullfrog looks as sick as possible!
You kill the bullfrog!
Makhleb accepts your kill. The komodo dragon bites you!!!
Ouch! That really hurt!
You die...

#..###.....#######...##
##.##§#####..#.......).. #..
§§.Fy.##...####...#[
#.##☼§#y.§§##..# ##.##.
#####.#.#§§.#§§.#..# #.##.
##.....# .#§##☼.##..# #.##.
###.#.#..##.#§§☼#§#©..#####.##.
#.........#:#l§☼§☼##........##.
#.#.#.#..©#yWh@# #...........
#.##...#..#yy#y§§#.#..########.
#.###....##§$y§§#§##..# #. #.#
####.#..#.#§§.#...# #. #.# #..#
.#§#§§§#...# #. ###.#####..##
§§(☼§§#...# ##
............###§h§###..####
###.#####(#...#####.......# #.#
#)###..........##.#


You could see a moth of wrath (very poisoned), a komodo dragon (berserk, slow),
a black bear, 4 killer bees and hwolsky's ghost.

Vanquished Creatures
  A two-headed ogre (D:8)
  Pikel (D:6)
  Joseph (D:7)
  Grinder (D:5)
  Edmund (D:5)
  Duvessa (D:6)
  A water moccasin (D:5)
  A black bear (D:7)
  An orc warrior (D:7)
  2 ice beasts
  2 sky beasts
  A phantom (D:6)
  2 kobold brigands (D:7)
  3 bullfrogs (D:7)
  3 scorpions
  5 wights (D:8)
  Dowan (D:6)
  3 hounds
  2 gnoll boudas
  7 orc priests
  3 jellies
  3 orc wizards
  3 hell rats (D:8)
  16 gnolls
  6 river rats (D:8)
  6 adders
  A shadow imp (D:5)
  2 ufetubi (D:5)
  A worm (D:4)
  5 dart slugs
  28 orcs
  8 bats
  4 endoplasms
  A giant cockroach (D:4)
  7 goblins
  7 hobgoblins
  2 jackals (D:2)
  12 quokkas
  11 ball pythons
  A frilled lizard (D:1)
  18 kobolds
  19 rats
204 creatures vanquished.

Vanquished Creatures (collateral kills)
  A centaur (D:6)
  An adder (D:6)
2 creatures vanquished.

Grand Total: 206 creatures vanquished

Notes
Turn   | Place    | Note
-------+----------+-------------------------------------------
     0 | D:1      | Sabo the Gargoyle Fighter began the quest for the Orb.
     0 | D:1      | Reached XP level 1. HP: 14/14 MP: 1/1
   242 | D:1      | Reached XP level 2. HP: 18/19 MP: 2/2
   656 | D:1      | Reached XP level 3. HP: 20/24 MP: 3/3
  1584 | D:2      | Reached XP level 4. HP: 29/29 MP: 4/4
  3080 | D:4      | Found Cikiuriq's General Store.
  3104 | D:4      | Reached skill level 4 in Shields
  3104 | D:4      | Reached XP level 5. HP: 25/33 MP: 5/5
  3158 | D:4      | Bought a scroll of identify for 26 gold pieces
  3676 | D:4      | Reached skill level 1 in Dodging
  3836 | D:5      | Entered Level 5 of the Dungeon
  3848 | D:5      | Reached XP level 6. HP: 35/38 MP: 6/6
  3878 | D:5      | Noticed Grinder
  3893 | D:5      | Killed Grinder
  3894 | D:5      | Reached skill level 1 in Stealth
  3898 | D:5      | Reached skill level 5 in Shields
  3898 | D:5      | Reached XP level 7. HP: 7/44 MP: 7/7
  4312 | D:5      | Noticed Edmund
  4343 | D:5      | Killed Edmund
  4344 | D:5      | Reached skill level 5 in Maces & Flails
  4685 | D:5      | Found Furathay's Distillery.
  4688 | D:5      | Bought a potion of heal wounds for 60 gold pieces
  4701 | D:5      | Reached XP level 8. HP: 39/48 MP: 8/8
  4710 | D:5      | Reached skill level 6 in Shields
  5147 | D:6      | Noticed Pikel
  5164 | D:6      | Killed Pikel
  5165 | D:6      | Reached skill level 5 in Fighting
  5165 | D:6      | Reached skill level 5 in Armour
  5165 | D:6      | Reached skill level 7 in Shields
  5373 | D:6      | Reached XP level 9. HP: 52/54 MP: 9/9
  5389 | D:6      | Noticed Duvessa
  5393 | D:6      | Noticed Dowan
  5405 | D:6      | Killed Duvessa
  5408 | D:6      | Killed Dowan
  5875 | D:6      | Identified 3 scrolls of acquirement
  5875 | D:6      | Acquired 1094 gold pieces
  5881 | D:6      | Acquired a manual of Shields
  5885 | D:6      | Acquired a +2 plate armour of fire resistance
  5915 | D:7      | Found a staircase to the Ecumenical Temple.
  5929 | Temple   | Entered the Ecumenical Temple
  5976 | Temple   | Became a worshipper of Makhleb the Destroyer
  6071 | D:7      | You fall into a shaft and drop 1 floor!
  6092 | D:8      | Noticed a two-headed ogre
  6101 | D:8      | Killed a two-headed ogre
  6102 | D:8      | Reached skill level 8 in Shields
  6481 | D:8      | Reached skill level 9 in Shields
  6735 | D:8      | Reached * piety under Makhleb
  7118 | D:7      | Noticed a moth of wrath
  7128 | D:7      | Found a transporter.
  7170 | D:7      | Noticed hwolsky's ghost (novice MiFi)
  7270 | D:7      | Reached XP level 10. HP: 60/60 MP: 10/10
  7342 | D:7      | Reached ** piety under Makhleb
  7343 | D:7      | Found a bloodstained altar of Trog.
  7487 | D:7      | Reached skill level 10 in Shields
  7623 | D:7      | Found a broken altar of Ashenzari.
  7725 | D:7      | Found a transporter.
  7774 | D:7      | Upgraded the game from 0.30-a0-1163-gf69bf04e7a to
                  | 0.30-a0-1164-ge08a67761e
  7980 | D:7      | Noticed Joseph
  7997 | D:7      | Killed Joseph
  8244 | D:7      | Found a shimmering blue altar of Sif Muna.
  8251 | D:7      | Found an ornate altar of the Wu Jian Council.
  8258 | D:7      | Found an ancient bone altar of Kikubaaqudgha.
  8476 | D:7      | Mangled by a komodo dragon

Illustrated notes

Levels and vault maps discovered:
D:1:      dpeg_arrival_another_circle, layout_basic
D:2:      layout_loops_ring
D:3:      layout_loops_ring
D:4:      layout_loops_ring, serial_shops, shop
D:5:      layout_basic, serial_shops, nicolae_shop_behind_doors, uniq_grinder,
          uniq_edmund
D:6:      layout_cave_pools, uniq_pikel, uniq_duvessa
D:7:      layout_loops_ring, lemuel_crystal_altar, overflow_temple_1_default,
          grunt_temple_overflow_diamond, minmay_temple_entry_proselytizer,
          gammafunk_ghost_berserking_beasts, kennysheep_windowed_goal,
          uniq_joseph
D:8:      lemuel_ratsnest, layout_basic
Temple:   sentei_temple_godly_chess

Skill      XL: |  1  2  3  4  5  6  7  8  9 10 |
---------------+-------------------------------+-----
Maces & Flails | 3 4 5 6 8 9 |  9.2
Shields        | 4 5 7 9 10 | 10.5
Armour         | 4 5 6 |  6.4
Dodging        | 1 2 3 |  3.1
Fighting       | 4 5 6 |  6.5
Stealth        | 1 2 |  2.2
Throwing       | |  0.1

Action                     |  1- 3 |  4- 6 |  7- 9 | 10-12 || total
---------------------------+-------+-------+-------+-------++-------
  Melee: Flail             |   117 |   149 |   373 |   110 ||   749
  Throw: Dart              |       |       |     1 |       ||     1
    Use: Scroll            |     1 |    12 |     6 |     1 ||    20
         Potion            |       |     1 |     2 |       ||     3
 Armour: Scale mail        |    42 |       |       |       ||    42
         Leather armour    |    18 |    92 |    32 |       ||   142
         Chain mail        |       |       |   158 |       ||   158
         Plate armour      |       |       |    60 |    74 ||   134
  Dodge: Dodged            |    77 |    66 |    99 |    22 ||   264
  Block: Buckler           |    27 |     8 |       |       ||    35
         Tower shield      |       |   100 |   312 |   113 ||   525

Table legend: (Time is in decaauts)
 A = Elapsed time spent in this place.
 B = Non-inter-level travel time spent in this place.
 C = Inter-level travel time spent in this place.
 D = Time resting spent in this place.
 E = Time spent auto-exploring this place.
 F = Levels seen in this place.
 G = Mean time per level.
                   A        B        C        D        E       F      G
               +--------+--------+--------+--------+--------+-----+--------+
         Total |   8710 |   8710 |      0 |   1894 |      0 |   9 |  967.8 |
       Dungeon |   8655 |   8655 |      0 |   1894 |      0 |   8 | 1081.9 |
        Temple |     54 |     54 |      0 |      0 |      0 |   1 |   54.0 |
               +--------+--------+--------+--------+--------+-----+--------+

Top non-repeatable levels by time:
     D:7: 1624 daAuts
     D:1: 1209 daAuts
     D:5: 1121 daAuts
     D:4: 1057 daAuts
     D:6: 1027 daAuts
     D:2: 977 daAuts
     D:8: 952 daAuts
     D:3: 685 daAuts
  Temple: 54 daAuts
